 Dungeon Crawl Stone Soup version 0.26-a0-651-gb41185065b (webtiles) character file.

Game seed: 15474061685299007493

4506 Lanoc the Fighter (level 10, -5/96 HPs)
             Began as a Hill Orc Delver on Oct 6, 2020.
             Was an Initiate of Nemelex Xobeh.
             Killed from afar by an oklob plant (9 damage)
             ... with a splash of acid
             ... on level 8 of the Dungeon.
             The game lasted 00:08:39 (6869 turns).

Lanoc the Fighter (Hill Orc Delver)                 Turns: 6869, Time: 00:08:40

Health: -5/96      AC:  4    Str: 22    XL:     10   Next: 39%
Magic:  13/13      EV: 16    Int: 10    God:    Nemelex Xobeh [......]
Gold:   234        SH:  5    Dex: 15    Spells: 9/9 levels left

rFire    . . .     SeeInvis .   i - +8 falchion of Defiance {drain, +Fly rN+}
rCold    . . .     Faith    .   y - +0 buckler
rNeg     + . .     Spirit   .   v - +0 swamp dragon scales
rPois    +         Reflect  .   (no helmet)
rElec    .         Harm     .   (no cloak)
rCorr    .         Rampage  .   (no gloves)
MR       .....                  (no boots)
Stlth    +.........             (no amulet)
HPRegen  0.26/turn              p - +6 ring of strength
MPRegen  0.13/turn              u - ring of attention (curse)

@: corroded
A: no striking features
a: Draw Escape, Draw Destruction, Draw Summoning, Renounce Religion, Evoke
Flight


You were on level 8 of the Dungeon.
You worshipped Nemelex Xobeh.
Nemelex Xobeh was noncommittal.
You visited 2 branches of the dungeon, and saw 7 of its levels.

You collected 403 gold pieces.
You spent 169 gold pieces at shops.

Inventory:

Hand Weapons
 a - a +0 hand axe
 i - the +8 falchion of Defiance (weapon) {drain, +Fly rN+}
   (You found it on level 4 of the Dungeon)

   A truly terrible weapon, it drains the life of those it strikes.
   It protects you from negative energy.
   It lets you fly.
Armour
 v - +0 swamp dragon scales (worn)
 y - a +0 buckler (worn)
Jewellery
 b - an uncursed ring of flight {unknown}
 n - an uncursed ring of see invisible
 p - a +6 ring of strength (left hand)
 u - a cursed ring of attention (right hand)
 w - an uncursed ring of positive energy
Wands
 g - a wand of digging (3)
 j - a wand of enslavement (6)
 k - a wand of disintegration (14)
 l - a wand of paralysis (7)
 r - a wand of acid (10)
 x - a wand of iceblast (20)
Scrolls
 c - a scroll of fog
 d - a scroll of magic mapping
 e - 2 scrolls of fear
 m - 4 scrolls of identify {unknown}
 o - 2 scrolls of enchant weapon {unknown}
 s - 6 scrolls of remove curse {unknown}
 t - a scroll of immolation {unknown}
 B - a scroll of amnesia
 D - a scroll of vulnerability {unknown}
 E - a scroll of teleportation {unknown}
Potions
 f - 2 potions of haste
 h - 2 potions of lignification
 q - a potion of invisibility
 z - a potion of curing
 A - 3 potions of heal wounds
 C - a potion of mutation {unknown}
 F - a potion of flight {unknown}


   Skills:
 + Level 11.4 Fighting
 - Level 2.9 Axes
 + Level 4.7 Armour
 + Level 7.9 Dodging
 - Level 4.1 Stealth
 - Level 4.0 Shields
 * Level 5.0 Invocations


You had 9 spell levels left.
You didn't know any spells.
Your spell library contained the following spells:

 Spells                   Type           Power        Failure   Level
 Animate Skeleton         Necr           #.....       52%         1
 Apportation              Tloc           #.....       52%         1
 Corona                   Hex            #......      52%         1
 Summon Small Mammal      Summ           #...         52%         1


Dungeon Overview and Level Annotations

Branches:
Dungeon (8/15)             Temple (1/1) D:7
   Lair: D:8-11

Altars:
Ashenzari
Cheibriados
Dithmenos
Elyvilon
Gozag
Hepliaklqana
Kikubaaqudgha
Makhleb
Nemelex Xobeh
Okawaru
Qazlal
Ru
Sif Muna
Trog
Uskayaw
Vehumet
Wu Jian
Xom
Yredelemnul
Zin
The Shining One

Shops:
D:6 !   D:8 (

Annotations:
D:8 exclusion: oklob plant


Message History

You hit the oklob plant but do no damage.
The oklob plant is severely damaged.
The oklob plant spits acid at you. The splash of acid hits you!
You are splashed with acid!
The oklob plant spits acid at you. The splash of acid hits you!
* * * LOW HITPOINT WARNING * * *
You are splashed with acid!
* * * LOW HITPOINT WARNING * * *
You slash the oklob plant!
The oklob plant is severely damaged.
The oklob plant spits acid at you. The splash of acid misses you.
Okay, then.
You hit the oklob plant but do no damage.
The oklob plant is severely damaged.
The oklob plant spits acid at you. The splash of acid hits you!
You die...
Your body disappears without a glow.

##.(....# #
#..##### .# ##(.#
### #.# ##...# ##..
#.##(.#..# #..
#....####.## ##^#
##.)## #.###..#
##..## #...#..#
#....#####.....@#
#..###..##...##P_P#
..# ###..######P.#
.. #### #.... .
###### #


You could see an oklob plant.

Vanquished Creatures
  Joseph (D:8)
  Maggie (D:6)
  2 hippogriffs (D:8)
  Prince Ribbit (D:8)
  A wyvern (D:8)
  3 orc warriors (D:7)
  A water moccasin (D:6)
  4 sky beasts (D:6)
  An ice beast (D:8)
  4 ogres
  3 centaurs
  3 bullfrogs
  2 scorpions
  5 wights (D:7)
  4 howler monkeys
  A crimson imp (D:8)
  A centaur zombie (D:6)
  3 hounds
  A jelly (D:6)
  A bullfrog zombie (D:8)
  2 centaur skeletons
  A gnoll shaman (D:6)
  8 orc priests
  4 orc wizards
  A bullfrog skeleton (D:6)
  Natasha (twice) (D:4)
  6 worker ants
  A hound zombie (D:7)
  A hound skeleton (D:8)
  A howler monkey zombie (D:6)
  A worker ant zombie (D:7)
  6 adders
  3 gnolls (D:6)
  2 shadow imps
  2 ufetubi (D:8)
  An ooze (D:3)
  2 adder skeletons
  An adder zombie (D:5)
  2 worms
  8 leopard geckos
  33 orcs
  A bat (D:3)
  3 giant cockroaches
  2 goblins (D:3)
  2 hobgoblins (D:3)
  4 jackals (D:3)
  3 kobolds (D:3)
  3 quokkas
  A ball python (D:6)
  2 frilled lizards
  2 jackal zombies
154 creatures vanquished.

Vanquished Creatures (others)
  A plant (D:8)
1 creature vanquished.

Grand Total: 155 creatures vanquished

Notes
Turn   | Place    | Note
-------+----------+-------------------------------------------
     0 | D:5      | Lanoc the Hill Orc Delver began the quest for the Orb.
     0 | D:5      | Reached XP level 1. HP: 19/19 MP: 1/1
    79 | D:4      | Got a twisted falchion
    80 | D:4      | Identified the +8 falchion of Defiance {drain, +Fly rN+}
                  | (You found it on level 4 of the Dungeon)
   156 | D:4      | Reached skill level 4 in Fighting
   156 | D:4      | Reached XP level 2. HP: 23/27 MP: 2/2
   197 | D:4      | Found a stormy altar of Qazlal.
   200 | D:4      | Noticed a scorpion
   201 | D:4      | Noticed Natasha
   206 | D:4      | Killed Natasha
   206 | D:4      | Reached XP level 3. HP: 34/34 MP: 3/3
   212 | D:4      | Killed a scorpion
   212 | D:4      | Reached skill level 5 in Fighting
   212 | D:4      | Reached XP level 4. HP: 42/42 MP: 4/4
   277 | D:3      | Found an ancient bone altar of Kikubaaqudgha.
   502 | D:3      | Noticed a centaur
   505 | D:3      | Killed a centaur
   505 | D:3      | Reached XP level 5. HP: 50/50 MP: 5/5
   559 | D:3      | Reached skill level 6 in Fighting
   559 | D:3      | Reached XP level 6. HP: 49/57 MP: 6/6
  1799 | D:4      | Noticed Natasha
  1803 | D:4      | Killed Natasha
  1925 | D:5      | Reached skill level 7 in Fighting
  1925 | D:5      | Reached XP level 7. HP: 56/66 MP: 7/7
  2044 | D:5      | Found a shadowy altar of Dithmenos.
  2126 | D:5      | Found an opulent altar of Gozag.
  2366 | D:5      | Found a glowing silver altar of Zin.
  2694 | D:6      | Reached skill level 5 in Dodging
  2829 | D:6      | Reached skill level 8 in Fighting
  2829 | D:6      | Reached XP level 8. HP: 42/74 MP: 8/8
  3517 | D:6      | Reached skill level 9 in Fighting
  3557 | D:6      | HP: 3/78 [sky beast (5)]
  3920 | D:6      | Noticed Maggie
  3934 | D:6      | Killed Maggie
  3934 | D:6      | Reached skill level 10 in Fighting
  3934 | D:6      | Reached XP level 9. HP: 85/85 MP: 9/9
  4172 | D:6      | Reached skill level 1 in Armour
  4307 | D:6      | Found Neshrua's Distillery.
  4423 | D:6      | Bought a potion of curing for 39 gold pieces
  4423 | D:6      | Bought 2 potions of heal wounds for 130 gold pieces
  4842 | D:7      | Reached skill level 1 in Shields
  5382 | D:7      | Reached skill level 11 in Fighting
  5630 | D:7      | Found a staircase to the Ecumenical Temple.
  5781 | Temple   | Entered the Ecumenical Temple
  5937 | Temple   | Became a worshipper of Nemelex Xobeh the Trickster
  6012 | D:8      | Found a burning altar of Makhleb.
  6034 | D:8      | Noticed Prince Ribbit
  6039 | D:8      | Killed Prince Ribbit
  6039 | D:8      | Reached skill level 1 in Invocations
  6083 | D:8      | Found Icisuniw's Antique Weapon Emporium.
  6091 | D:8      | Reached XP level 10. HP: 87/95 MP: 11/11
  6208 | D:8      | Found a stormy altar of Qazlal.
  6605 | D:8      | Noticed Joseph
  6619 | D:8      | Killed Joseph
  6619 | D:8      | Reached skill level 5 in Invocations
  6852 | D:8      | Found a bloodstained altar of Trog.
  6852 | D:8      | Noticed an oklob plant
  6867 | D:8      | HP: 4/96 [acid (13)]
  6869 | D:8      | Killed from afar by an oklob plant

Illustrated notes

Levels and vault maps discovered:
D:3:      layout_basic, lemuel_round_altar, dk_noncrumbling_4
D:4:      layout_loops_ring, grunt_qazlal_sundering, uniq_natasha
D:5:      layout_rooms, nicolae_dithmenos_the_darkroom, kennysheep_mini,
          grunt_gozag_breadcrumbs, serial_curves, eino_curves_02,
          eino_curves_02, eino_curves_03, eino_curves_02
D:6:      layout_cave_pools, serial_shops, shop, kennysheep_generic_room_10,
          uniq_maggie
D:7:      layout_basic, temple_statues
D:8:      layout_layer_cave, makhleb_grotto_becter, basic_altar, serial_shops,
          nicolae_shop_trees, lemuel_oklob_altar, uniq_joseph, uniq_psyche,
          uniq_prince_ribbit1
Temple:   regret_index_temple_waves

Skill      XL: |  1  2  3  4  5  6  7  8  9 10 |
---------------+-------------------------------+-----
Fighting       | 4 5 6 7 8 10 11 | 11.4
Dodging        | 2 3 4 5 6 7 |  7.9
Armour         | 4 |  4.7
Shields        | 3 4 |  4.0
Invocations    | 2 5 |  5.0
Axes           | |  2.9
Stealth        | |  4.1

Action                   |  1- 3 |  4- 6 |  7- 9 | 10-12 || total
-------------------------+-------+-------+-------+-------++-------
Melee: Falchion          |     7 |    81 |   238 |    55 ||   381
Evoke: Wand              |       |       |     6 |       ||     6
  Use: Scroll            |       |       |     1 |       ||     1
       Potion            |       |       |     5 |       ||     5
 Stab: Sleeping          |     4 |     5 |     1 |       ||    10
Armor: Leather armour    |       |    11 |    23 |       ||    34
       Skin              |       |       |     3 |       ||     3
       Swamp dragon scal |       |       |    38 |    14 ||    52
Dodge: Dodged            |     4 |    46 |   197 |    48 ||   295
Block: Buckler           |       |       |    24 |    22 ||    46
       Rpst.: Falchion   |       |    12 |    63 |    12 ||    87

Table legend: (Time is in decaauts)
 A = Elapsed time spent in this place.
 B = Non-inter-level travel time spent in this place.
 C = Inter-level travel time spent in this place.
 D = Time resting spent in this place.
 E = Time spent auto-exploring this place.
 F = Levels seen in this place.
 G = Mean time per level.
                   A        B        C        D        E       F      G
               +--------+--------+--------+--------+--------+-----+--------+
         Total |   6970 |   6793 |    177 |    218 |   5514 |   7 |  995.7 |
       Dungeon |   6785 |   6628 |    157 |    218 |   5394 |   6 | 1130.8 |
        Temple |    185 |    165 |     20 |      0 |    120 |   1 |  185.0 |
               +--------+--------+--------+--------+--------+-----+--------+

Top non-repeatable levels by time:
     D:6: 1914 daAuts
     D:3: 1097 daAuts
     D:8: 1081 daAuts
     D:7: 1070 daAuts
     D:5: 815 daAuts
     D:4: 807 daAuts
  Temple: 185 daAuts
